 Dungeon Crawl Stone Soup version 0.20.1-1-g8b1a95d (webtiles) character file.

150304 namelastname112 the Bringer of Law (level 16, 0/155 HPs)
             Began as a Red Draconian Wanderer on July 29, 2017.
             Was the Champion of Zin.
             Slain by Asterion
             ... wielding a +1 morningstar of protection
              (35 damage)
             ... on level 4 of the Snake Pit.
             The game lasted 01:32:13 (47362 turns).

namelastname112 the Bringer of Law (DrWn)          Turns: 47362, Time: 01:32:14

Health: 0/155      AC: 13    Str: 17    XL:     16   Next: 98%
Magic:  26/31      EV: 22    Int: 19    God:    Zin [******]
Gold:   1562       SH:  6    Dex: 22    Spells: 23/37 levels left

rFire    + . .     SeeInvis .   G - +9 quick blade
rCold    . . .     Gourm    .   V - +0 buckler
rNeg     . . .     Faith    .   (armour unavailable)
rPois    ∞         Spirit   .   Y - +0 hat
rElec    .         Reflect  .   z - +2 cloak {MR+}
rCorr    .         Harm     .   f - +0 pair of gloves
MR       +++..                  (no boots)
Stlth    +++++++...             S - amulet of magic regeneration
Regen    0.4/turn               T - ring of stealth
MPRegen  0.4/turn               H - ring of protection from magic

@: vitalised, about to teleport, very slightly contaminated
A: breathe fire, unfitting armour, talons 1, fire resistance 1, robust 1, weak
1, cold-blooded, AC +9
a: Breathe Fire, Recite, Vitalisation, Imprison, Sanctuary, Donate Gold, Cure
All Mutations, Renounce Religion


You were on level 4 of the Snake Pit.
You worshipped Zin.
Zin was exalted by your worship.
You were not hungry.

You visited 7 branches of the dungeon, and saw 30 of its levels.
You also visited: Ossuary and Ice Cave.

You collected 2664 gold pieces.
You spent 655 gold pieces at shops.
You donated 447 gold pieces to Zin.

Inventory:

Hand Weapons
 F - a +0 blowgun
 G - a +9 quick blade (weapon)
Armour
 f - a +0 pair of gloves (worn)
 z - a +2 cloak of magic resistance (worn)
 D - a +0 cloak of cold resistance
 V - a +0 buckler (worn)
 Y - a +0 hat (worn)
Jewellery
 l - an uncursed ring of see invisible
 H - a ring of protection from magic (right hand)
 J - an uncursed ring of ice
 S - an amulet of magic regeneration (around neck)
 T - a ring of stealth (left hand)
Wands
 i - a wand of lightning (2/15)
 j - a wand of scattershot (7/9)
 m - a wand of flame (18/48)
 r - a wand of flame (10/48)
 s - a wand of paralysis (10/24)
 u - a wand of iceblast (6/15)
 w - a wand of confusion (23/48)
 A - a wand of lightning (0/15)
 E - a wand of disintegration (6/24)
 P - a wand of disintegration (9/24)
 R - a wand of paralysis (20/24)
 X - a wand of iceblast (5/15)
Scrolls
 e - a scroll of blinking
 g - 2 scrolls of fear
 o - 2 scrolls of recharging
 y - 16 scrolls of remove curse
 C - a scroll of enchant weapon
 I - 2 scrolls of enchant armour
 K - a scroll of magic mapping
 L - 5 scrolls of immolation
 N - 6 scrolls of identify
 Q - a scroll of teleportation
 U - 3 scrolls of amnesia
Potions
 b - 4 potions of curing
 c - 3 potions of agility
 k - 2 potions of cancellation
 p - 10 potions of might
 q - 4 potions of resistance
 v - 2 potions of invisibility
 x - 5 potions of flight
 B - 4 potions of brilliance
 M - 2 potions of ambrosia
 O - 5 potions of haste
Books
 h - a book of Power

   Spells                             Type                      Level
   a - Iskenderun's Battlesphere      Conjuration/Charms           5
   b - Venom Bolt                     Conjuration/Poison           5
   c - Bolt of Magma                  Conjuration/Fire/Earth       5
   d - Iron Shot                      Conjuration/Earth            6
   e - Orb of Destruction             Conjuration                  7
   f - Spellforged Servitor           Conjuration/Summoning        7
 t - a book of Battle

   Spells                             Type                      Level
   a - Infusion                       Charms                       1
   b - Shroud of Golubria             Charms/Translocation         2
   c - Song of Slaying                Charms                       2
   d - Spectral Weapon                Hexes/Charms                 3
   e - Regeneration                   Charms/Necromancy            3
Miscellaneous
 W - a sack of spiders
Comestibles
 d - 14 bread rations
 n - 25 fruits


   Skills:
 + Level 12.4 Fighting
 + Level 10.4(10.5) Short Blades
   Level 2.6(7.1) Long Blades
   Level 1.0 Bows
 + Level 11.1 Dodging
 + Level 12.4 Stealth
 - Level 4.9 Shields
 + Level 11.1 Spellcasting
 + Level 11.0 Hexes
 + Level 13.7 Invocations


You had 23 spell levels left.
You knew the following spells:

 Your Spells              Type           Power        Failure   Level  Hunger
c - Dazzling Spray        Conj/Hex       ####..       1%          3    None
d - Tukima's Dance        Hex            ######..     1%          3    None
e - Spectral Weapon       Hex/Chrm       ####....     1%          3    None
x - Confuse               Hex            ######..     1%          3    None
z - Ensorcelled Hibernat  Hex/Ice        ####..       1%          2    None


Dungeon Overview and Level Annotations

Branches:
Dungeon (15/15)            Temple (1/1) D:6            Lair (6/6) D:11
  Swamp (1/4) Lair:3        Snake (4/4) Lair:2        Slime (0/5) Lair:6
    Orc (2/2) D:11            Elf (1/3) Orc:2        Vaults (0/5) D:13
 Depths (0/5) D:15

Altars:
Ashenzari
Cheibriados
Dithmenos
Elyvilon
Fedhas
Gozag
Hepliaklqana
Kikubaaqudgha
Makhleb
Nemelex Xobeh
Okawaru
Qazlal
Ru
Sif Muna
Trog
Uskayaw
Vehumet
Xom
Yredelemnul
Zin
The Shining One
Jiyva

Shops:
D:12 [   D:15 =   Orc:2 ***([   Elf:1 ![![

Annotations:
D:8 1 runed door
D:10 exclusions: ice statue and obsidian statue
Snake:3 Vashnia
Snake:4 Asterion


Innate Abilities, Weirdness & Mutations

You can breathe blasts of fire.
Your fiery red scales are hard. (AC +9)
You cannot fit into any form of body armour.
Your flesh is heat resistant. (rF+)
You are cold-blooded and may be slowed by cold attacks.
You have sharp toenails.
You are robust. (+10% HP)
You are weak. (Str -2)


Message History

The guardian serpent coils itself and waves its upper body at you.
You resist with almost no effort.
You flicker back into view.
Asterion says, "In my kingdom, weaklings like you are put to the sword."
Evoke which item? (* to show all) (? for menu, Esc to quit)
Aiming: Paralyse (will waste charges)
Press: ? - help, Shift-Dir - straight line, f/p - Asterion
Aim: Asterion, wielding a morningstar of protection, wearing a glowing leather armour and wearing a shield (lightly wounded, fast, chance to defeat MR: 1%)
Okay, then.
Okay, then.
Unknown command.
As you read the scroll of teleportation, it crumbles to dust.
You feel strangely unstable.
Asterion chants and is briefly shrouded in fire.
Asterion hits you with a morningstar of protection!!
Asterion misses you. Asterion barely misses you. You block Asterion's attack.
The guardian serpent barely misses you. The guardian serpent hits you!!
* * * LOW HITPOINT WARNING * * *
Asterion hits you with a morningstar of protection!!
You die...

..........
............#...#
......####
...............(##
...####
..............).)####.
...#
........2.......))...N
...+
............N2.)....oo
...#
.#####N..(...2....###
...#
#...'#...........#
#..SH#.....#+##..#
#..@.#.....# #..N#
#...##.....# #...N.
#.+##........ ......
## ................
.................
.:..........


You could see Asterion, a balrug, a guardian serpent (blind) and a naga mage.

Vanquished Creatures
  Saint Roka (Snake:4)
  4 nagarajas
  The ghost of Inarius the Markscentaur, a journeyman CeHu of Qazlal (D:15)
  Aizul (Snake:2)
  A stone giant (Orc:2)
  Azrael (Snake:1)
  2 fire dragons
  2 blizzard demons (IceCv)
  A rakshasa (D:13)
  Harold (Orc:1)
  7 hydras
  4 anacondas
  Fannar (Orc:1)
  6 naga warriors
  3 centaur warriors
  2 ogre magi (Orc:2)
  A vampire mage (D:15)
  19 two-headed ogres
  2 tengu warriors
  A deep elf knight (Elf:1)
  4 naga sharpshooters (Snake:1)
  3 shock serpents
  10 skeletal warriors
  An unseen horror (D:14)
  The ghost of Frank the Skirmisher, a novice OpMo of Ru (D:7)
  2 deep trolls (Orc:2)
  3 naga ritualists
  A wizard (D:14)
  Pikel (D:9)
  A swamp dragon (Lair:6)
  A sphinx zombie (D:15)
  A lindwurm (Lair:5)
  A deep elf archer (Elf:1)
  A wolf spider zombie (D:13)
  3 orc knights
  2 necromancers
  4 manticores
  7 mana vipers
  8 ugly things
  3 orc sorcerers
  8 salamanders
  An oklob plant (Lair:5)
  A moth of wrath (shapeshifter) (D:13)
  5 deep elf magi (Elf:1)
  6 cyclopes
  2 naga magi (Snake:4)
  30 black mambas
  A guardian serpent (Snake:3)
  Maurice (D:8)
  Joseph (D:9)
  An ice statue (IceCv)
  11 spiny frogs
  A gargoyle (D:15)
  2 torpor snails (Lair:6)
  A centaur skeleton (D:15)
  9 komodo dragons
  3 kobold demonologists
  A yaktaur zombie (D:15)
  4 freezing wraiths
  2 golden dragon simulacra (IceCv)
  5 anaconda simulacra (IceCv)
  7 ice devils (IceCv)
  A tengu conjurer (D:15)
  A guardian mummy (D:15)
  17 trolls
  A queen bee (D:11)
  A jumping spider (shapeshifter) (D:14)
  A hornet (D:10)
  A wolf spider simulacrum (D:15)
  12 hippogriffs
  6 dream sheep (Lair:4)
  3 blink frogs (Lair:4)
  A spriggan zombie (D:15)
  6 slime creatures (D:15)
  A water elemental (Elf:1)
  2 shadows (D:14)
  4 dire elephant simulacra (IceCv)
  3 fire elementals
  4 hogs (D:7)
  A vampire (D:12)
  6 wyverns
  A spriggan skeleton (D:15)
  A yak (shapeshifter) (Elf:1)
  32 yaks
  7 wraiths
  A human (D:7)
  8 vampire mosquitoes
  3 basilisks
  A death yak simulacrum (IceCv)
  3 hungry ghosts
  2 dancing weapons
  An iron troll simulacrum (IceCv)
  A warg (Orc:1)
  4 steam dragons
  4 harpy simulacra (IceCv)
  2 acid dragons
  21 nagas
  13 water moccasins
  4 porcupines
  2 hell hounds (Snake:1)
  Duvessa (D:4)
  A hydra simulacrum (IceCv)
  2 swamp drakes (Lair:6)
  A swamp drake (shapeshifter) (D:15)
  5 ice beasts
  27 orc warriors
  A black bear (D:11)
  3 eyes of draining (D:13)
  A slave (D:9)
  6 sky beasts
  32 ogres
  3 phantoms
  2 ettin simulacra (IceCv)
  8 wolves
  A necrophage (D:12)
  20 centaurs
  4 big kobolds
  12 crocodiles
  An elf zombie (Ossuary)
  17 bullfrogs
  Blork the orc (Orc:2)
  3 gnoll sergeants
  Dowan (D:4)
  2 earth elementals (Elf:1)
  A wyvern skeleton (D:13)
  7 scorpions
  An elephant simulacrum (IceCv)
  39 killer bees
  18 wights
  2 howler monkeys
  5 electric eels
  6 crimson imps
  3 centaur zombies
  A quasit (D:9)
  A human zombie (Ossuary)
  A draconian simulacrum (IceCv)
  5 hounds
  5 jellies
  21 orc wizards
  21 orc priests
  3 bullfrog skeletons
  5 iguanas
  11 worker ants
  A polar bear simulacrum (IceCv)
  2 spriggan simulacra (IceCv)
  Terence (D:3)
  A wolf simulacrum (IceCv)
  A killer bee zombie (D:6)
  3 troll simulacra (IceCv)
  A big kobold zombie (Ossuary)
  A hound skeleton (D:4)
  2 mummies (Ossuary)
  3 gnolls (D:11)
  2 naga simulacra (IceCv)
  2 ogre simulacra (IceCv)
  15 adders
  3 shadow imps
  10 white imps (IceCv)
  6 ufetubi (IceCv)
  An ooze (D:3)
  An adder zombie (D:7)
  An adder skeleton (D:6)
  2 worms
  A dart slug (D:1)
  6 leopard geckos
  123 orcs
  2 ball pythons (D:3)
  9 giant cockroaches
  10 goblins
  6 hobgoblins
  9 jackals
  13 kobolds
  7 quokkas
  4 bats
  3 frilled lizards
  2 goblin zombies
  10 hobgoblin zombies (Ossuary)
  15 kobold zombies (Ossuary)
  A leopard gecko skeleton (D:5)
  A leopard gecko zombie (D:5)
  3 orc zombies (Ossuary)
  A quokka skeleton (D:6)
  A quokka zombie (D:7)
  9 rats
  4 rat zombies (Ossuary)
1015 creatures vanquished.

Vanquished Creatures (collateral kills)
  A two-headed ogre (D:11)
  A troll (D:15)
  2 wights (D:11)
4 creatures vanquished.

Vanquished Creatures (others)
  8 dancing weapons
  2 slaves (D:9)
  A hound (D:9)
  An orc (D:11)
  15 fungi
  6 pillars of salt
  9 plants
  12 withered plants (D:15)
54 creatures vanquished.

Grand Total: 1073 creatures vanquished

Notes
Turn   | Place    | Note
-------+----------+-------------------------------------------
     0 | D:1      | namelastname112 the Draconian Wanderer began the quest for the Orb.
     0 | D:1      | namelastname112 set off with: a +2 falchion, 2 potions of curing, a +0 dagger, a bread ration
     0 | D:1      | Reached XP level 1. HP: 17/17 MP: 1/1
   195 | D:1      | Reached XP level 2. HP: 23/25 MP: 2/2
   665 | D:2      | Reached XP level 3. HP: 25/30 MP: 3/3
   790 | D:2      | Found a faded altar of an unknown god.
   827 | D:2      | Became a worshipper of Sif Muna the Loreminder
   827 | D:2      | Reached * piety under Sif Muna
  1059 | D:2      | Found a deep blue altar of Sif Muna.
  1256 | D:3      | Reached skill level 1 in Invocations
  1274 | D:3      | Reached XP level 4. HP: 38/38 MP: 4/4
  1350 | D:3      | Found a sparkling altar of Nemelex Xobeh.
  1593 | D:3      | Found a shimmering altar of Xom.
  1599 | D:3      | Found a snail-covered altar of Cheibriados.
  1599 | D:3      | Found a sparkling altar of Nemelex Xobeh.
  1680 | D:3      | Reached skill level 2 in Invocations
  1713 | D:3      | Noticed Terence
  1727 | D:3      | Killed Terence
  1727 | D:3      | Reached XP level 5. HP: 35/45 MP: 6/6
  2343 | D:4      | Reached skill level 3 in Invocations
  2343 | D:4      | Reached XP level 6. HP: 48/52 MP: 8/8
  2346 | D:4      | Noticed Dowan
  2347 | D:4      | Noticed Duvessa
  2501 | D:4      | Found a basalt altar of Yredelemnul.
  3096 | D:5      | Entered Level 5 of the Dungeon
  3227 | D:4      | Learned a level 2 spell: Ensorcelled Hibernation
  3285 | D:4      | Found a white marble altar of Elyvilon.
  3311 | D:4      | Reached skill level 5 in Fighting
  3311 | D:4      | Your scales start taking on a fiery red colour.
  3311 | D:4      | Reached XP level 7. HP: 46/61 MP: 9/9
  3311 | D:4      | Gained mutation: Your flesh is heat resistant. (rF+) [Red Draconian growth]
  3585 | D:4      | Reached skill level 1 in Spellcasting
  3614 | D:4      | Killed Duvessa
  3614 | D:4      | Reached skill level 1 in Hexes
  3614 | D:4      | Reached skill level 4 in Invocations
  3642 | D:4      | Killed Dowan
  3882 | D:4      | Reached ** piety under Sif Muna
  4494 | D:5      | Reached XP level 8. HP: 51/68 MP: 12/12
  5160 | D:5      | Reached skill level 1 in Short Blades
  5760 | D:6      | Found a staircase to the Ecumenical Temple.
  5769 | Temple   | Entered the Ecumenical Temple
  7069 | D:7      | Found a burning altar of Makhleb.
  7073 | D:7      | Found a sand-covered staircase.
  7080 | Ossuary  | Entered an ossuary
  7289 | Ossuary  | Reached skill level 5 in Invocations
  7514 | D:7      | Learned a level 3 spell: Confuse
  7518 | D:7      | Learned a level 3 spell: Tukima's Dance
  7519 | D:7      | Noticed Frank's ghost (novice OpMo)
  7530 | D:7      | Killed Frank's ghost
  7530 | D:7      | Reached *** piety under Sif Muna
  7530 | D:7      | Reached XP level 9. HP: 75/75 MP: 5/15
  7941 | D:8      | Reached skill level 5 in Dodging
  8144 | D:8      | Reached skill level 5 in Stealth
  8273 | D:8      | Noticed Maurice
  8424 | D:8      | Killed Maurice
  8424 | D:8      | Reached skill level 5 in Spellcasting
  8424 | D:8      | Reached skill level 5 in Hexes
  8571 | D:8      | Found a glowing golden altar of the Shining One.
  8572 | D:8      | Noticed an angel
  8572 | D:8      | Found a runed door.
  8697 | D:8      | Found an opulent altar of Gozag.
  9444 | D:7      | Reached skill level 6 in Invocations
  9446 | D:7      | Reached XP level 10. HP: 84/84 MP: 9/18
  9511 | D:7      | Gained mutation: You are weak. (Str -2) [potion of mutation]
  9511 | D:7      | Gained mutation: You are robust. (+10% HP) [potion of mutation]
  9511 | D:7      | Gained mutation: You have sharp toenails. [potion of mutation]
  9634 | D:8      | Reached **** piety under Sif Muna
 10278 | D:9      | Noticed Joseph
 10279 | D:9      | Found a glowing silver altar of Zin.
 10312 | D:9      | Killed Joseph
 10379 | D:9      | Fell from the grace of Sif Muna
 10379 | D:9      | Became a worshipper of Zin the Law-Giver
 10379 | D:9      | Reached * piety under Zin
 10394 | D:9      | Found a hide-covered altar of Uskayaw.
 10414 | D:9      | Donated 181 gold pieces to Zin
 10415 | D:9      | Noticed Pikel
 10427 | D:9      | Reached ** piety under Zin
 10427 | D:9      | Killed Pikel
 10813 | D:9      | Found a sparkling altar of Nemelex Xobeh.
 10978 | D:9      | Noticed a two-headed ogre
 10984 | D:9      | Killed a two-headed ogre
 10984 | D:9      | Reached skill level 7 in Invocations
 11220 | D:9      | Noticed an eight-headed hydra
 11242 | D:9      | Killed an eight-headed hydra
 11460 | D:9      | Found a blossoming altar of Fedhas.
 11635 | D:9      | Reached XP level 11. HP: 101/101 MP: 20/20
 11889 | D:9      | Found a glowing golden altar of the Shining One.
 12367 | D:10     | Entered Level 10 of the Dungeon
 12389 | D:10     | Noticed a two-headed ogre
 12399 | D:10     | Killed a two-headed ogre
 13326 | D:10     | Reached *** piety under Zin
 14212 | D:10     | Noticed a two-headed ogre
 14281 | D:10     | Killed a two-headed ogre
 14281 | D:10     | Reached skill level 8 in Invocations
 14625 | D:10     | Noticed an obsidian statue
 14966 | D:11     | Reached skill level 5 in Short Blades
 15436 | D:11     | Found a staircase to the Lair.
 16726 | D:11     | Noticed a two-headed ogre
 16739 | D:11     | Killed a two-headed ogre
 17079 | D:11     | Noticed a two-headed ogre
 17110 | D:11     | Reached XP level 12. HP: 68/113 MP: 22/22
 17155 | D:11     | Reached skill level 9 in Invocations
 17216 | D:11     | Noticed a two-headed ogre
 17228 | D:11     | Killed a two-headed ogre
 17528 | D:11     | Killed a two-headed ogre
 18505 | D:11     | Found a staircase to the Orcish Mines.
 18693 | D:11     | Was forgiven by Sif Muna
 18820 | D:11     | Learned a level 3 spell: Dazzling Spray
 19434 | D:12     | Identified a scroll of acquirement
 19438 | D:12     | Found Evampo's Armour Emporium.
 19918 | D:12     | Reached **** piety under Zin
 20634 | D:12     | Noticed a two-headed ogre
 20726 | D:12     | Reached skill level 10 in Invocations
 20786 | D:12     | Killed a two-headed ogre
 21206 | D:12     | Noticed a five-headed hydra
 21213 | D:12     | Killed a five-headed hydra
 21582 | D:13     | Reached XP level 13. HP: 109/122 MP: 20/24
 22362 | Orc:1    | Entered Level 1 of the Orcish Mines
 22429 | Orc:1    | Noticed Harold
 22441 | Orc:1    | Killed Harold
 22981 | Orc:1    | Noticed Fannar
 23052 | Orc:1    | Killed Fannar
 23182 | Orc:1    | Reached ***** piety under Zin
 23354 | Orc:2    | Entered Level 2 of the Orcish Mines
 23535 | Orc:1    | Reached skill level 10 in Stealth
 23820 | Orc:2    | Noticed Blork the orc
 23885 | Orc:1    | Reached skill level 11 in Invocations
 24460 | Orc:2    | Noticed a stone giant
 24804 | Orc:2    | Killed a stone giant
 24804 | Orc:2    | Reached skill level 10 in Fighting
 25237 | Orc:2    | Found Fizoc's Antique Armour Shop.
 25322 | Orc:2    | Killed Blork the orc
 25340 | Orc:2    | Found a staircase to the Elven Halls.
 25684 | Orc:2    | Found Wauk's Assorted Antiques.
 25686 | Orc:2    | Found Ceafoito's Assorted Antiques.
 25692 | Orc:2    | Found Esairu's Weapon Shoppe.
 25693 | Orc:2    | Found Neng's General Store.
 25743 | Orc:2    | Reached XP level 14. HP: 103/133 MP: 26/26
 26429 | Orc:2    | Bought 2 glowing orange potions for 50 gold pieces
 26429 | Orc:2    | Bought 2 lumpy amethyst potions for 50 gold pieces
 26438 | Orc:2    | Bought a leatherbound book for 555 gold pieces
 26663 | Lair:1   | Entered Level 1 of the Lair of Beasts
 27618 | Lair:2   | Reached ****** piety under Zin
 28070 | Lair:2   | Found a staircase to the Snake Pit.
 28349 | Lair:3   | Found a staircase to the Swamp.
 29293 | Swamp:1  | Entered Level 1 of the Swamp
 30214 | Lair:5   | Reached skill level 12 in Invocations
 30619 | Lair:6   | Entered Level 6 of the Lair of Beasts
 31550 | Lair:6   | Found a staircase to the Slime Pits.
 31550 | Lair:6   | Found a viscous altar of Jiyva.
 31944 | Lair:6   | Reached skill level 1 in Shields
 33395 | D:13     | HP: 6/134 [rakshasa (illusionary)/trident (14)]
 33937 | D:13     | Found a gate to the Vaults.
 33979 | D:13     | Reached XP level 15. HP: 140/140 MP: 28/28
 34713 | D:14     | Found a blossoming altar of Fedhas.
 34783 | D:14     | Got an ancient broad axe
 34955 | D:14     | Identified the +6 broad axe of Gimu {chop, rN+} (You found it on level 14 of the Dungeon)
 35374 | D:14     | Learned a level 3 spell: Spectral Weapon
 35609 | D:15     | Entered Level 15 of the Dungeon
 35631 | D:15     | Noticed Inarius's ghost (journeyman CeHu)
 35661 | D:15     | Killed Inarius's ghost
 36194 | D:15     | Reached skill level 10 in Dodging
 36520 | D:15     | Found Saiqul's Jewellery Boutique.
 36549 | D:15     | Reached skill level 10 in Hexes
 37018 | D:15     | Reached skill level 10 in Spellcasting
 37525 | D:15     | Found a staircase to the Depths.
 38045 | D:15     | Found a hide-covered altar of Uskayaw.
 38394 | D:11     | epen: нахуй не иду
 38394 | D:11     | epen: а иду в кравлу
 38394 | D:11     | namelastname112: да
 38395 | D:11     | namelastname112: бля
 38395 | D:11     | namelastname112: ща в снейки пойду
 38395 | D:11     | namelastname112: сосать
 38395 | D:11     | namelastname112: но
 38395 | D:11     | namelastname112: сначала в эльфы
 38395 | D:11     | epen: лол
 38395 | D:11     | epen: рано в эльфы
 38395 | D:11     | namelastname112: ну
 38395 | D:11     | epen: найдёшь какого-нибудь приста
 38395 | D:11     | namelastname112: посмотреть чисто
 38395 | D:11     | epen: высокого ещё
 38395 | D:11     | namelastname112: да и хули?
 38395 | D:11     | namelastname112: они хуесосы
 38395 | D:11     | namelastname112: на эльфов вообще похуй
 38395 | D:11     | epen: лол
 38395 | D:11     | namelastname112: вот оружие
 38395 | D:11     | epen: а резисты позволяют?
 38395 | D:11     | namelastname112: и элемы
 38395 | D:11     | namelastname112: вот это проблема
 38485 | Elf:1    | Entered Level 1 of the Elven Halls
 38486 | Elf:1    | epen: лол
 38486 | Elf:1    | epen: ты видел?
 38486 | Elf:1    | namelastname112: да
 38486 | Elf:1    | namelastname112: там волт с мечом
 38486 | Elf:1    | namelastname112: в орках
 38488 | Elf:1    | epen: бляяяяя
 38491 | Elf:1    | Found Tamnayt's Armour Boutique.
 38493 | Elf:1    | epen: хули так жарко
 38503 | Elf:1    | Found Toamixt's Distillery.
 38528 | Elf:1    | epen: ночь же
 38528 | Elf:1    | Found a frozen archway.
 38539 | Elf:1    | namelastname112: cerf
 38539 | Elf:1    | namelastname112: элем блять
 38539 | Elf:1    | namelastname112: подсек
 38540 | Elf:1    | epen: утонешь
 38555 | IceCv    | Entered an ice cave
 38857 | IceCv    | epen: в элеме
 39018 | IceCv    | namelastname112: блять
 39018 | IceCv    | namelastname112: с финдом чтоль
 39609 | IceCv    | epen: рк-то есть?
 39616 | IceCv    | epen: класс
 40188 | IceCv    | Reached skill level 13 in Invocations
 40651 | IceCv    | p0werm0de: bringer of law!
 40657 | IceCv    | namelastname112: that's me
 40672 | IceCv    | p0werm0de: wtf
 40682 | IceCv    | p0werm0de: ;D
 40995 | Elf:1    | Found Hafokue's Antique Armour Boutique.
 41055 | Elf:1    | namelastname112: wow
 41055 | Elf:1    | namelastname112: fucking wow
 41110 | Elf:1    | Reached XP level 16. HP: 142/151 MP: 30/30
 41320 | Elf:1    | p0werm0de: ??
 41324 | Elf:1    | p0werm0de: acquired?
 41324 | Elf:1    | p0werm0de: ;D
 41324 | Elf:1    | namelastname112: yes
 41331 | Elf:1    | p0werm0de: gj
 41377 | Elf:1    | Found Timpin's Distillery.
 41388 | Elf:1    | p0werm0de: hard to find a hat sometimes
 41772 | Lair:2   | namelastname112: time to die is pits
 41787 | Snake:1  | Entered Level 1 of the Snake Pit
 41947 | Snake:1  | Noticed Azrael
 41965 | Snake:1  | Killed Azrael
 42158 | Snake:1  | p0werm0de: looks like it
 42639 | Snake:1  | p0werm0de: bad ac is bad
 44884 | Snake:2  | Reached skill level 10 in Short Blades
 44957 | Snake:2  | Noticed Aizul
 44988 | Snake:2  | Killed Aizul
 45823 | Snake:3  | Noticed Vashnia
 45826 | Snake:3  | namelastname112: don't like it
 47055 | Snake:4  | Entered Level 4 of the Snake Pit
 47303 | Snake:4  | Noticed Saint Roka
 47329 | Snake:4  | Killed Saint Roka
 47337 | Snake:4  | Noticed Asterion
 47339 | Snake:4  | namelastname112: man
 47339 | Snake:4  | namelastname112: what is this bullshit
 47362 | Snake:4  | Slain by Asterion

Skill      XL: |  1  2  3  4  5  6  7  8  9 10 11 12 13 14 15 16 |
---------------+-------------------------------------------------+-----
Dodging        | 2 3 4 5 6 7 8 9 10 11 | 11.1
Fighting       | 3 4 5 6 7 8 9 10 11 12 | 12.4
Invocations    | 1 2 3 4 5 6 7 8 10 11 12 13 | 13.7
Spellcasting   | 2 4 5 6 7 8 9 10 11 | 11.1
Hexes          | 2 4 5 6 7 8 9 10 11 | 11.0
Stealth        | 4 5 6 8 9 10 11 12 | 12.4
Short Blades   | 2 3 4 5 6 7 8 9 10 | 10.4
Shields        | 2 4 |  4.9
Long Blades    | |  2.6
Bows           | |  1.0

Action                   |  1- 3 |  4- 6 |  7- 9 | 10-12 | 13-15 | 16-18 || total
-------------------------+-------+-------+-------+-------+-------+-------++-------
Melee: Falchion          |    87 |   122 |       |       |       |       ||   209
       Tailslap          |     6 |    20 |   109 |   153 |   334 |   120 ||   742
       Long sword        |       |    28 |       |       |       |       ||    28
       Dagger            |       |       |   701 |   807 |       |       ||  1508
       Kick              |       |       |       |   282 |   691 |   239 ||  1212
       Quick blade       |       |       |       |   189 |  2102 |   678 ||  2969
Throw: Throwing net      |       |       |       |       |     6 |       ||     6
 Cast: Confuse           |       |       |    23 |    47 |    53 |     9 ||   132
       Ensorcelled Hiber |       |       |     5 |    25 |       |       ||    30
       Tukima's Dance    |       |       |     3 |    17 |    35 |     8 ||    63
       Dazzling Spray    |       |       |       |     3 |    53 |    43 ||    99
Invok: Divine Energy     |       |       |     1 |       |       |       ||     1
       Stop Divine Energ |       |       |     1 |       |       |       ||     1
       Recite            |       |       |       |    38 |    74 |    14 ||   126
       Donate Gold       |       |       |       |     1 |       |       ||     1
       Vitalisation      |       |       |       |     2 |     6 |     7 ||    15
       Sanctuary         |       |       |       |       |     2 |       ||     2
 Abil: Breathe Fire      |       |       |    17 |    34 |    44 |     5 ||   100
Evoke: Wand              |       |     3 |     1 |     2 |     6 |       ||    12
  Use: Potion            |       |     4 |     1 |     4 |     6 |     1 ||    16
       Scroll            |       |       |    10 |    12 |    18 |     3 ||    43
 Stab: Sleeping          |     8 |     4 |    10 |    18 |    44 |    23 ||   107
       Confused          |       |       |     4 |    15 |    39 |    26 ||    84
       Distracted        |       |       |       |     3 |     4 |     1 ||     8
       Invisible         |       |       |       |     2 |    33 |    20 ||    55
       Paralysed         |       |       |       |     1 |    12 |     2 ||    15
       Held in net/web   |       |       |       |       |     4 |       ||     4
  Eat: Chunk             |     1 |     6 |    12 |    24 |    24 |     1 ||    68
       Royal jelly       |       |       |     3 |     4 |    18 |     1 ||    26
       Meat ration       |       |       |     2 |     4 |     2 |     2 ||    10
       Bread ration      |       |       |       |       |     1 |     2 ||     3
Armor: Skin              |    31 |    47 |   115 |   253 |   234 |    29 ||   709
Dodge: Dodged            |    58 |   122 |   329 |   661 |   845 |   193 ||  2208
Block: Buckler           |       |       |       |       |   133 |    60 ||   193
       Rpst.: Falchion   |    22 |    38 |       |       |       |       ||    60
       Long sword        |       |     7 |       |       |       |       ||     7
